AoeStats
← Sauron_aoe

Arena

505474040Analyzed
4v4 RM · 22d ago on Sep 9, 2026· 47m 23s· 8 players
Game mode
Random Map
Map size
Large (8 player)
Population
200
Speed
Normal
Resources
Standard
Victory
Conquest
Starting age
Dark Age
Ending age
Imperial Age
RankedLock teamsTeams togetherTeam positionsShared explorationLock speedFull tech treeHidden civsTurbo modeCheats
Victory
Defeat
🇪🇸 Cumans · Spain
1105
+12
🇫🇴 Japanese · Faroe Islands
1091
+12
🇭🇰 Magyars · Hong Kong SAR China
1089
+12
🇪🇬 Huns · Egypt
1048
+14
🇹🇼 Ethiopians · Taiwan
1110
-17
🇪🇸 Tatars · Spain
990
-12
🇨🇳 Spanish · China
969
-11
🇪🇸 Huns · Spain
948
-10
Meroero
1:40 Loom
10:43 Feudal Age
12:26 Double-Bit Axe
16:07 Castle Age
14:28 Double-Bit Axe
14:32 Horse Collar
18:14 Bow Saw
18:48 Heavy Plow
24:07 Town Watch
24:58 Wheelbarrow
26:59 Pikeman
27:39 Squires
31:25 Imperial Age
29:17 Marauders
31:10 Hand Cart
32:32 Scale Barding Armor
32:38 Forging
32:53 Conscription
31:57 Elite Tarkan
33:00 Conscription
33:13 Bloodlines
33:25 Husbandry
34:13 Chain Barding Armor
35:16 Iron Casting
36:36 Atheism
37:10 Scale Mail Armor
37:04 Cavalier
37:59 Capped Ram
41:02 Plate Barding Armor
41:34 Light Cavalry
43:55 Blast Furnace
43:10 Chain Mail Armor
46:17 Caravan
47:10 Chain Mail Armor
47:41 Fletching
47:51 Padded Archer Armor
48:03 Masonry
48:14 Ballistics
47:50 Murder Holes
Slingmachine
6:05 Loom
8:54 Feudal Age
9:31 Double-Bit Axe
13:50 Horse Collar
20:16 Castle Age
19:19 Wheelbarrow
19:15 Stone Mining
22:02 Hand Cart
23:45 Bow Saw
23:37 Heavy Plow
23:41 Gold Mining
24:26 Town Watch
26:33 Caravan
30:01 Forging
29:57 Scale Barding Armor
33:10 Imperial Age
30:32 Fletching
31:18 Iron Casting
31:42 Bloodlines
31:56 Chain Barding Armor
33:13 Cavalier
35:11 Blast Furnace
34:47 Plate Barding Armor
34:52 Paladin
41:10 Coinage
41:30 Bodkin Arrow
43:19 Conscription
43:36 Hoardings
44:37 Banking
44:18 Guilds
Daddy
2:30 Loom
11:15 Feudal Age
11:49 Double-Bit Axe
11:45 Horse Collar
17:43 Castle Age
16:28 Fletching
17:16 Scale Mail Armor
17:46 Padded Archer Armor
17:51 Crossbowman
19:34 Bodkin Arrow
23:03 Thumb Ring
24:21 Ballistics
25:43 Leather Archer Armor
32:11 Imperial Age
30:57 Forging
34:07 Chain Mail Armor
34:22 Squires
34:43 Forging
35:10 Conscription
36:41 Plate Mail Armor
36:27 Heavy Plow
37:05 Wheelbarrow
38:01 Iron Casting
37:43 Elite Samurai
40:04 Blast Furnace
41:12 Stone Mining
41:13 Gold Mining
42:20 Caravan
41:57 Pikeman
43:17 Kataparuto
43:11 Halberdier
45:10 Siege Engineers
borealisawesome
11:22 Feudal Age
9:40 Loom
12:48 Wheelbarrow
16:20 Castle Age
15:11 Double-Bit Axe
15:51 Stone Mining
18:08 Elite Skirmisher
19:05 Fletching
19:57 Bodkin Arrow
22:19 Gold Mining
22:42 Bow Saw
23:59 Horse Collar
28:31 Hand Cart
28:33 Heavy Plow
32:45 Imperial Age
31:04 Corvinian Army
31:29 Bloodlines
31:54 Husbandry
34:00 Crop Rotation
34:40 Two-Man Saw
34:18 Gold Shaft Mining
33:43 Cavalier
34:33 Scale Barding Armor
34:51 Conscription
36:37 Chain Barding Armor
36:28 Paladin
38:04 Plate Barding Armor
46:46 Elite Magyar Huszar
47:29 Bracer
Sauron_aoe
10:30 Feudal Age
12:55 Double-Bit Axe
18:44 Castle Age
17:20 Gold Mining
17:26 Fletching
18:25 Padded Archer Armor
19:16 Scale Barding Armor
21:05 Bodkin Arrow
22:07 Ballistics
23:49 Horse Collar
24:42 Loom
25:31 Heavy Plow
26:40 Wheelbarrow
30:38 Bow Saw
34:37 Imperial Age
32:26 Leather Archer Armor
33:54 Stone Mining
36:19 Chemistry
35:05 Heavy Cavalry Archer
36:01 Husbandry
36:17 Bloodlines
37:38 Bracer
38:08 Ring Archer Armor
39:21 Conscription
39:08 Silk Armor
41:40 Scale Mail Armor
41:51 Forging
42:01 Chain Barding Armor
41:24 Pikeman
42:33 Squires
43:54 Iron Casting
42:43 Halberdier
manejc94
10:11 Feudal Age
11:16 Double-Bit Axe
17:37 Castle Age
15:23 Horse Collar
22:25 Gold Mining
22:27 Stone Mining
22:50 Heavy Plow
23:28 Bow Saw
25:06 Wheelbarrow
26:22 Hand Cart
25:55 Loom
27:05 Gold Shaft Mining
27:26 Marauders
29:08 Forging
29:04 Scale Barding Armor
29:14 Bloodlines
29:04 Husbandry
30:41 Iron Casting
31:20 Chain Barding Armor
34:33 Imperial Age
31:51 Town Watch
36:39 Plate Barding Armor
37:11 Blast Furnace
40:00 Conscription
40:01 Fletching
40:13 Scale Mail Armor
40:09 Cavalier
44:40 Paladin
Olleh
10:07 Feudal Age
11:07 Double-Bit Axe
13:59 Castle Age
13:14 Horse Collar
15:10 Bow Saw
15:13 Heavy Plow
18:42 Town Watch
19:58 Wheelbarrow
21:56 Loom
22:04 Gold Mining
24:48 Stone Mining
29:23 Imperial Age
27:33 Ballistics
27:40 Fletching
27:51 Padded Archer Armor
27:58 Town Patrol
28:59 Hand Cart
29:16 Masonry
28:42 Crossbowman
29:29 Thumb Ring
30:10 Bodkin Arrow
31:18 Chemistry
29:54 Arbalester
32:54 Conscription
32:55 Bracer
35:50 Royal Heirs
35:56 Torsion Engines
38:29 Gold Shaft Mining
38:10 Halberdier
40:29 Scale Mail Armor
40:39 Forging
43:08 Chain Mail Armor
43:29 Iron Casting
43:12 Leather Archer Armor
战丶无双
10:50 Feudal Age
14:58 Castle Age
13:12 Double-Bit Axe
13:51 Horse Collar
18:51 Loom
22:00 Padded Archer Armor
26:30 Leather Archer Armor
Connection lost

Rejoining the realm…

Still unreachable

The connection could not be restored.

Session expired

The server has moved on; the page needs a fresh start.